 Dungeon Crawl Stone Soup version 0.30-a0-613-gdd512c7efb (webtiles) character file.

Game seed: 733977354769498349

396 bmack86 the Trooper (level 6, -1/57 HPs)
             Began as a Minotaur Fighter on Jan 8, 2023.
             Slain by a water moccasin (4 damage)
             ... on level 4 of the Dungeon.
             The game lasted 00:06:27 (2496 turns).

bmack86 the Trooper (Minotaur Fighter)              Turns: 2496, Time: 00:06:27

Health: -1/57      AC: 11    Str: 23    XL:     6   Next: 52%
Magic:  5/5        EV:  7    Int:  5    God:
Gold:   166        SH:  4    Dex:  9    Spells: 5/5 levels left

rFire   . . .      SeeInvis .    a - +0 war axe
rCold   . . .      Faith    .    c - +0 buckler
rNeg    . . .      Spirit   .    k - +0 chain mail
rPois   .          Reflect  .    (helmet restricted)
rElec   .          Harm     +    g - scarf {harm}
rCorr   .          Rampage  .    (no gloves)
Will    .....                    n - +1 pair of boots Stlth
                                 (no amulet)
HPRegen 0.29/turn                (no ring)
MPRegen 0.09/turn                (no ring)

@: lethally poisoned (-1 -> -28)
A: horns 2, retaliatory headbutt
a: no special abilities


You were on level 4 of the Dungeon.
You visited 1 branch of the dungeon, and saw 4 of its levels.

You collected 166 gold pieces.

Inventory:

Hand Weapons
 a - a +0 war axe (weapon)
Missiles
 e - 6 curare-tipped darts (quivered)
 h - 2 javelins
Armour
 b - a +0 scale mail
 c - a +0 buckler (worn)
 g - a scarf of harm (worn)
 k - a +0 chain mail (worn)
 n - a +1 pair of boots (worn)
Wands
 i - a wand of flame (45)
Scrolls
 f - 5 scrolls of teleportation
 q - a scroll of torment {unknown}
Potions
 d - a potion of might
 j - a potion of heal wounds
 m - a potion of degeneration
 o - a potion of flight {unknown}
 r - 2 potions of curing {unknown}
 s - a potion of invisibility {unknown}


   Skills:
 * Level 5.7 Fighting
 * Level 4.9 Axes
 + Level 2.0 Throwing
 + Level 4.7 Armour
 + Level 4.7 Shields


You had 5 spell levels left.
You didn't know any spells.
Your spell library contained the following spells:

 Spells                   Type           Power      Damage    Failure   Level
 Freeze                   Ice            0%         1d3       99%         1
 Dazzling Flash           Conj/Hex       0%         N/A       100%        3
 Frozen Ramparts          Ice            0%         1d1       100%        3
 Hailstorm                Conj/Ice       0%         3d3       100%        3
 Ignite Poison            Fire/Tmut/Pois 0%         N/A       100%        3
 Kindle Blastsparks       Fire/Tloc/Air  0%         2d10      100%        3
 Stone Arrow              Conj/Erth      0%         3d7       100%        3
 Iskenderun's Mystic Bla  Conj/Tloc      0%         2d3       100%        4
 Passage of Golubria      Tloc           0%         N/A       100%        4
 Freezing Cloud           Conj/Ice/Air   0%         6-21      100%        5
 Starburst                Conj/Fire      0%         6d3       100%        6
 Lehudib's Crystal Spear  Conj/Erth      0%         10d2      100%        8


Dungeon Overview and Level Annotations

Branches:
Dungeon (4/15)
 Temple: D:4-7

Altars:
Cheibriados
Dithmenos
Sif Muna
Vehumet

Shops:
D:3 (   D:4 *(


Innate Abilities, Weirdness & Mutations

You have a pair of horns on your head.
You reflexively headbutt those who attack you in melee.


Message History

The water moccasin bites you but does no damage.
The water moccasin bites you.
You are poisoned.
The water moccasin poisons you!
You barely miss the water moccasin.
The water moccasin is lightly wounded.
You feel very sick. The water moccasin bites you.
You block the water moccasin's attack.
You barely miss the water moccasin.
Your headbutt misses the water moccasin.
The water moccasin is lightly wounded.
You feel very sick.
The water moccasin bites you but does no damage. x2
You barely miss the water moccasin.
Your headbutt misses the water moccasin.
The water moccasin is lightly wounded.
You feel sick.
The water moccasin bites you but does no damage.
You barely miss the water moccasin.
The water moccasin is lightly wounded.
You feel sick.
The water moccasin bites you but does no damage. x2
You hit the water moccasin.
Your headbutt misses the water moccasin.
The water moccasin is moderately wounded.
You feel sick.
The water moccasin bites you but does no damage.
The water moccasin bites you.
* * * LOW HITPOINT WARNING * * *
You are lethally poisoned!
The water moccasin poisons you!
You slash the water moccasin! You headbutt the water moccasin.
The water moccasin is almost dead.
* * * LOW HITPOINT WARNING * * *
You feel very sick. The water moccasin bites you.
* * * LOW HITPOINT WARNING * * *
You are more poisoned.
The water moccasin poisons you! The water moccasin bites you.
You die...

***,* *,,,,,,,,,,*,,,,* *,*
*,,,,,,,,,,,,,,** *,*
*******,,,,************** *,*
*,,,,,,,,,,,,,,,,,, *,*
*,,,*************** *,* *,,,*
*,********###################
*,,,,,,,,,#..†#...........#..
*********,+.@S'.#########'#.#
**#..†### #...... #####
#...... #...... *****###+#+#
*,,,,,,..... *,*****#.### *,*
*,>,, *,* *****


You could see a water moccasin.

Vanquished Creatures
  A water moccasin (D:4)
  A bullfrog (D:4)
  An orc priest (D:3)
  Natasha (D:4)
  Robin (D:4)
  7 adders
  3 dart slugs
  3 orcs
  8 endoplasms
  4 giant cockroaches
  14 hobgoblins
  4 jackals (D:4)
  3 quokkas
  3 ball pythons
  6 bats
  4 frilled lizards
  16 goblins
  3 kobolds
  8 rats
91 creatures vanquished.

Notes
Turn   | Place    | Note
-------+----------+-------------------------------------------
     0 | D:1      | bmack86 the Minotaur Fighter began the quest for the Orb.
     0 | D:1      | Reached XP level 1. HP: 19/19 MP: 0/0
    58 | D:1      | Got the Reference Book on Places and Conjuring
   163 | D:1      | Reached XP level 2. HP: 21/27 MP: 1/1
   264 | D:1      | Reached skill level 4 in Fighting
   712 | D:1      | Reached XP level 3. HP: 24/33 MP: 2/2
  1005 | D:2      | Found a faded altar of an unknown god.
  1369 | D:2      | Found a shimmering blue altar of Sif Muna.
  1508 | D:3      | Reached skill level 1 in Throwing
  1542 | D:3      | Found a radiant altar of Vehumet.
  1553 | D:3      | Found Pead's Antique Weapon Boutique.
  1571 | D:3      | Reached XP level 4. HP: 41/41 MP: 3/3
  1766 | D:3      | Found a snail-covered altar of Cheibriados.
  2042 | D:4      | Noticed Natasha
  2049 | D:4      | Killed Natasha
  2050 | D:4      | Reached XP level 5. HP: 47/47 MP: 4/4
  2107 | D:4      | Found a shadowy altar of Dithmenos.
  2203 | D:4      | Found Laejiq's Weapon Emporium.
  2228 | D:4      | Reached skill level 5 in Fighting
  2297 | D:4      | Noticed Robin
  2308 | D:4      | Killed Robin
  2314 | D:4      | Reached XP level 6. HP: 49/56 MP: 5/5
  2481 | D:4      | Found Biliocw's Serpentskin Sales.
  2481 | D:4      | Noticed a water moccasin
  2481 | D:4      | Noticed a water moccasin
  2487 | D:4      | Killed a water moccasin
  2496 | D:4      | Slain by a water moccasin

Illustrated notes

Levels and vault maps discovered:
D:1:      saegor_arrival_simple_d, layout_basic
D:2:      layout_rooms, basic_altar, shapermc_ecumenical_altar_hornbeckon
D:3:      layout_rooms, vehumet_altar_wand_db, mainiacjoe_overflow_catwalk,
          serial_shops, shop
D:4:      layout_basic, grunt_dithmenos_smoke, serial_shops,
          nicolae_shop_bloodbath_and_beyond, minmay_misc_feat_plants,
          guppyfry_shop_venom, uniq_natasha, uniq_robin

Skill      XL: |  1  2  3  4  5  6 |
---------------+-------------------+-----
Fighting       | 4 5 |  5.7
Axes           | 3 4 |  4.9
Armour         | 4 |  4.7
Throwing       | 1 2 |  2.0
Shields        | 4 |  4.7

Action                   |  1- 3 |  4- 6 || total
-------------------------+-------+-------++-------
Melee: War axe           |    96 |    75 ||   171
       Headbutt          |    10 |     8 ||    18
  Use: Scroll            |     5 |     2 ||     7
Armor: Scale mail        |    20 |       ||    20
       Chain mail        |    33 |    83 ||   116
Dodge: Dodged            |    60 |    37 ||    97
Block: Buckler           |    27 |    21 ||    48

Table legend: (Time is in decaauts)
 A = Elapsed time spent in this place.
 B = Non-inter-level travel time spent in this place.
 C = Inter-level travel time spent in this place.
 D = Time resting spent in this place.
 E = Time spent auto-exploring this place.
 F = Levels seen in this place.
 G = Mean time per level.
                   A        B        C        D        E       F      G
               +--------+--------+--------+--------+--------+-----+--------+
         Total |   2563 |   2500 |     63 |      0 |   1612 |   4 |  640.8 |
       Dungeon |   2563 |   2500 |     63 |      0 |   1612 |   4 |  640.8 |
               +--------+--------+--------+--------+--------+-----+--------+

Top non-repeatable levels by time:
     D:1: 999 daAuts
     D:3: 549 daAuts
     D:2: 544 daAuts
     D:4: 470 daAuts
